 Dungeon Crawl Stone Soup version 0.31-a0-1074-g0b22e4e0f1 (webtiles) character file.

Game seed: 5639735859052059782

49 wildpjah the Covered (level 3, 0/23 HPs)
             Began as a Tengu Fighter on Dec 1, 2023.
             Slain by a gnoll
             ... wielding a +0 spear
              (2 damage)
             ... on level 2 of the Dungeon.
             The game lasted 00:01:46 (711 turns).

wildpjah the Covered (Tengu Fighter)                 Turns: 711, Time: 00:01:47

Health: 0/23       AC:  7    Str: 16    XL:     3   Next: 77%
Magic:  4/4        EV:  8    Int:  8    God:
Gold:   35         SH:  5    Dex: 15    Spells: 2/2 levels left

rFire   . . .        a - +0 long sword
rCold   . . .        c - +0 buckler
rNeg    . . .        b - +0 scale mail
rPois   .            (helmet restricted)
rElec   .            (no cloak)
rCorr   .            (no gloves)
SInv    .            (boots unavailable)
Will    .....        (no amulet) Stlth
                     (no ring)
HPRegen 0.23/turn    (no ring)
MPRegen 0.09/turn

%: acrobat
@: no status effects
A: beak, talons 3, acrobatic
a: no special abilities


You were on level 2 of the Dungeon.
You visited 1 branch of the dungeon, and saw 2 of its levels.

You collected 35 gold pieces.

Inventory:

Hand Weapons
 a - a +0 long sword (weapon)
Armour
 b - a +0 scale mail (worn)
 c - a +0 buckler (worn)
Scrolls
 e - 2 scrolls of teleportation {unknown}
 g - a scroll of vulnerability {unknown}
Potions
 d - a potion of might
 f - 2 potions of haste {unknown}


   Skills:
 + Level 3.3 Fighting
 + Level 2.5 Long Blades
 * Level 3.9 Armour
 + Level 3.7 Shields


You had 2 spell levels left.
You didn't know any spells.
Your spell library contained the following spells:

 Spells                   Type           Power      Damage    Failure   Level
 Freeze                   Ice            0%         1d3       89%         1
 Frozen Ramparts          Ice            0%         1d1       99%         3
 Hailstorm                Conj/Ice       0%         3d3       99%         3


Dungeon Overview and Level Annotations

Branches:
Dungeon (2/15)

Altars:
Ashenzari


Innate Abilities, Weirdness & Mutations

You have a beak for a mouth.
You have claws for feet.
You can magically evade attacks while moving or waiting.


Message History

You closely miss the rat. You claw the rat.
You kill the rat!
A gnoll comes into view. It is wielding a +0 halberd.
A worm comes into view.
A gnoll comes into view. It is wielding a +0 whip.
There are monsters nearby!
The gnoll shouts!
The bat closely misses you.
A gnoll comes into view. It is wielding a +0 spear.
Found a club.
The gnoll shouts!
The bat hits you but does no damage. The gnoll misses you.
The bat closely misses you. The gnoll attacks as it pursues you!
The gnoll hits you from afar with a +0 halberd.
You see here a rat corpse.
The bat completely misses you. The gnoll attacks as it pursues you!
The gnoll hits you but does no damage.
There is an open door, spattered with blood here.
You see here a rat corpse.
The bat closely misses you. The bat misses you.
The bat attacks as it pursues you! The bat completely misses you. x2
No quiver actions available for cycling.
Use [Q] to select from all actions.
No quiver actions available for cycling.
Use [Q] to select from all actions.
The gnoll completely misses you.
You slash the gnoll!
The gnoll is severely wounded.
The gnoll hits you with a +0 halberd!
You barely miss the gnoll. Your peck misses the gnoll.
The gnoll is severely wounded.
The gnoll hits you but does no damage. The gnoll hits you with a +0 halberd!
* * * LOW HITPOINT WARNING * * *
The gnoll hits you from afar with a +0 spear.
* * * LOW HITPOINT WARNING * * *
You block the gnoll's attack.
You hit the gnoll but do no damage. You claw the gnoll.
The gnoll is almost dead.
The gnoll hits you from afar with a +0 spear.
You die...

....#...... ..#.#......
###### #.>....#......
#<...#####..##..#......
##.......#..##...w.....
#.#.###.#..##...g.....
#.#.....#..##.........
#.#######..##...######
#....@gg#..##†......#
#######g#..g†.......#
#.##.##.......+
#.##.##.......#
#.g.b.#.......#
####..##+#....# #..#
....# #..# ....# #...
...#


You could see 3 gnolls.

Vanquished Creatures
  A gnoll (D:1)
  An adder (D:2)
  A worm (D:2)
  3 dart slugs (D:1)
  A giant cockroach (D:2)
  3 hobgoblins (D:1)
  2 jackals (D:1)
  4 bats (D:1)
  A frilled lizard (D:1)
  3 kobolds (D:1)
  5 rats
25 creatures vanquished.

Notes
Turn   | Place    | Note
-------+----------+-------------------------------------------
     0 | D:1      | wildpjah the Tengu Fighter began the quest for the Orb.
     0 | D:1      | Reached XP level 1. HP: 14/14 MP: 2/2
    38 | D:1      | Found a faded altar of an unknown god.
   151 | D:1      | Reached XP level 2. HP: 19/19 MP: 3/3
   253 | D:1      | Reached XP level 3. HP: 17/23 MP: 4/4
   553 | D:1      | Found a broken altar of Ashenzari.
   711 | D:2      | Slain by a gnoll

Illustrated notes

Levels and vault maps discovered:
D:1:      sevenhm_arrival_forest_fort_small_6, layout_rooms,
          chequers_ecumenical_altar_simple_redux, patterned_corridor
D:2:      minmay_door_path, layout_basic, pf_guarded_unrand_delatra

Action                     || total
---------------------------++-------
  Melee: Long sword        ||    45
         Kick              ||    13
         Peck              ||     7
 Armour: Scale mail        ||    22
  Dodge: Dodged            ||    35
  Block: Buckler           ||    16

Table legend: (Time is in decaauts)
 A = Elapsed time spent in this place.
 B = Non-inter-level travel time spent in this place.
 C = Inter-level travel time spent in this place.
 D = Time resting spent in this place.
 E = Time spent auto-exploring this place.
 F = Levels seen in this place.
 G = Mean time per level.
                   A        B        C        D        E       F      G
               +--------+--------+--------+--------+--------+-----+--------+
         Total |    724 |    691 |     33 |      0 |    536 |   2 |  362.0 |
       Dungeon |    724 |    691 |     33 |      0 |    536 |   2 |  362.0 |
               +--------+--------+--------+--------+--------+-----+--------+

Top non-repeatable levels by time:
     D:1: 664 daAuts
     D:2: 60 daAuts
